 Dungeon Crawl Stone Soup version 0.27-a0-1196-g3e9cee4 (webtiles) character file.

Game seed: 4919114717953166551

121 Meow the Sneak (level 5, 37/42 HPs)
             Began as a Naga Venom Mage on May 27, 2021.
             Quit the game on level 2 of the Dungeon.
             The game lasted 00:08:01 (2016 turns).

Meow the Sneak (Naga Venom Mage)                    Turns: 2016, Time: 00:08:01

Health: 37/42      AC:  3    Str: 10    XL:     5   Next: 5%
Magic:  6/9        EV:  9    Int: 17    God:
Gold:   96         SH:  0    Dex: 11    Spells: 3/10 levels left

rFire    . . .     SeeInvis +   a - +0 short sword (venom)
rCold    . . .     Faith    .   (no shield)
rNeg     . . .     Spirit   .   c - +0 robe
rPois    +         Reflect  .   l - +0 helmet
rElec    .         Harm     .   (no cloak)
rCorr    .         Rampage  .   (no gloves)
Will     .....                  (no barding)
Stlth    +++.......             (no amulet)
HPRegen  0.14/turn              (no ring)
MPRegen  0.11/turn              (no ring)

@: very slow
A: AC +1, large, see invisible, deformed body, poison resistance, slowness 2,
spit poison 1, naga tail 1
a: Spit Poison


You were on level 2 of the Dungeon.
You visited 1 branch of the dungeon, and saw 2 of its levels.

You collected 96 gold pieces.

Inventory:

Hand Weapons
 a - a +0 short sword of venom (weapon)
 e - a +0 hunting sling
Missiles
 f - 8 atropa-tipped darts
 g - 31 stones (quivered)
Armour
 c - a +0 robe (worn)
 i - a +2 ring mail of cold resistance
 l - a +0 helmet (worn)
Jewellery
 d - a +4 ring of evasion
Scrolls
 b - a scroll of enchant weapon {unknown}
 h - 2 scrolls of teleportation {unknown}
 j - 2 scrolls of noise {unknown}
 k - 2 scrolls of identify {unknown}


   Skills:
 - Level 1.5 Dodging
 * Level 5.6 Stealth
 + Level 3.0 Spellcasting
 + Level 2.1 Conjurations
 - Level 1.0 Transmutations
 - Level 4.0 Poison Magic


You had 3 spell levels left.
You knew the following spells:

 Your Spells              Type           Power      Damage    Failure   Level
a - Sting                 Tmut/Pois      44%        1d5       6%          1
c - Mephitic Cloud        Conj/Pois/Air  9%         N/A       22%         3
C - Ignite Poison         Fire/Tmut/Pois 8%         N/A       26%         3

Your spell library contained the following spells:

 Spells                   Type           Power      Damage    Failure   Level
 Poisonous Vapours        Pois/Air       18%        N/A       12%         2
 Olgreb's Toxic Radiance  Pois           16%        N/A       32%         4


Dungeon Overview and Level Annotations

Branches:
Dungeon (2/15)

Altars:


Innate Abilities, Weirdness & Mutations

Your serpentine skin is tough. (AC +1)
You have supernaturally acute eyesight. (SInv)
Armour fits poorly on your strangely shaped body.
Your system is resistant to poisons. (rPois)
You cover ground very slowly.
You can spit poison.
You have a snake-like lower body.


Message History

There is an open door here.
Things that are here:
a +0 whip; a kobold corpse An adder comes into view.
Found a stone staircase leading down.
Press: ? - help, Shift-Dir - straight line, f - adder
Aim: an adder (asleep)
The splash of poison hits the adder.
The adder is lightly wounded.
Unknown command.
Casting: Sting (safe; 6% risk of failure)
Confirm with . or Enter, or press ? or * to list all spells.
Aiming: Sting (safe; 6% risk of failure)
Press: ? - help, Shift-Dir - straight line, f/p - adder
Aim: an adder (lightly wounded, 53% to hit)
The sting hits the adder.
The adder is poisoned.
The adder is heavily wounded.
Casting: Sting (safe; 6% risk of failure)
Confirm with . or Enter, or press ? or * to list all spells.
Aiming: Sting (safe; 6% risk of failure)
Press: ? - help, Shift-Dir - straight line, f/p - adder
Aim: an adder (heavily wounded, poisoned, 53% to hit)
The sting hits the adder.
The adder looks even sicker.
The adder is severely wounded.
The adder bites you.
You closely miss the adder.
The adder is severely wounded.
You have got your breath back.
The adder bites you but does no damage.
You miss the adder.
The adder is severely wounded.
The adder bites you. The adder barely misses you.
You miss the adder.
The adder is severely wounded.
The adder bites you but does no damage.
You barely miss the adder.
The adder is severely wounded.
You kill the adder!
You have reached level 5!
Are you sure you want to abandon this character and quit the game? (Confirm with "yes".)

###################
########. ###....#
#........
#......#####......).
###.#......#........
#.#......##)###'#. #
#......#....# ..##
>##.#
#.#.......#####.#
......#.........#
..# #.†@........#
#.) #...........#
#.# #.............#
.# ###.#.........#
#.+....######
###....# ######


There were no monsters in sight!

Vanquished Creatures
  Robin (D:2)
  2 gnolls (D:2)
  3 adders (D:2)
  A worm (D:2)
  A dart slug (D:2)
  4 ball pythons (D:2)
  7 endoplasms
  A giant cockroach (D:1)
  8 hobgoblins
  7 jackals
  3 bats (D:2)
  A frilled lizard (D:2)
  9 goblins
  5 kobolds
  3 rats
56 creatures vanquished.

Notes
Turn   | Place    | Note
-------+----------+-------------------------------------------
     0 | D:1      | Meow the Naga Venom Mage began the quest for the Orb.
     0 | D:1      | Reached XP level 1. HP: 15/15 MP: 3/3
   257 | D:1      | Found a faded altar of an unknown god.
   353 | D:1      | Reached XP level 2. HP: 22/22 MP: 1/5
   490 | D:1      | Reached skill level 1 in Conjurations
   951 | D:2      | Reached XP level 3. HP: 24/28 MP: 3/6
   961 | D:2      | Learned a level 3 spell: Ignite Poison
  1008 | D:2      | Learned a level 3 spell: Mephitic Cloud
  1036 | D:2      | Reached skill level 4 in Stealth
  1547 | D:2      | Reached XP level 4. HP: 36/36 MP: 8/8
  1660 | D:2      | Reached skill level 5 in Stealth
  1800 | D:2      | Noticed Robin
  1940 | D:2      | Killed Robin
  2016 | D:2      | Reached XP level 5. HP: 37/42 MP: 6/9
  2016 | D:2      | Quit the game

Illustrated notes

Levels and vault maps discovered:
D:1:      minmay_arrival_solitary_statue, layout_basic, basic_ecumenical_altar,
          chequers_serial_rivers_micro_d
D:2:      minmay_recursive_quarters, layout_basic, uniq_robin

Skill      XL: |  1  2  3  4 |
---------------+-------------+-----
Conjurations   | 1 2 |  2.1
Stealth        | 4 5 |  5.6
Spellcasting   | 3 |  3.0
Dodging        | |  1.5
Transmutations | |  1.0
Poison Magic   | |  4.0

Action                   |  1- 3 |  4- 6 || total
-------------------------+-------+-------++-------
Melee: Short sword       |    11 |    11 ||    22
Throw: Stone             |     6 |     2 ||     8
 Cast: Sting             |    32 |    22 ||    54
       Mephitic Cloud    |     1 |     2 ||     3
 Abil: Spit Poison       |    36 |    19 ||    55
  Use: Potion            |     1 |       ||     1
 Stab: Confused          |       |     1 ||     1
Armor: Robe              |    15 |     5 ||    20
Dodge: Dodged            |    26 |    13 ||    39

Table legend: (Time is in decaauts)
 A = Elapsed time spent in this place.
 B = Non-inter-level travel time spent in this place.
 C = Inter-level travel time spent in this place.
 D = Time resting spent in this place.
 E = Time spent auto-exploring this place.
 F = Levels seen in this place.
 G = Mean time per level.
                   A        B        C        D        E       F      G
               +--------+--------+--------+--------+--------+-----+--------+
         Total |   2412 |   2375 |     37 |    817 |   1111 |   2 | 1206.0 |
       Dungeon |   2412 |   2375 |     37 |    817 |   1111 |   2 | 1206.0 |
               +--------+--------+--------+--------+--------+-----+--------+

Top non-repeatable levels by time:
     D:1: 1422 daAuts
     D:2: 990 daAuts
